 Dungeon Crawl Stone Soup version 0.29.1 (webtiles) character file.

Game seed: 9872795681883715984

30 xian the Gusty (level 3, -1/19 HPs)
             Began as a Tengu Air Elementalist on Sept 15, 2022.
             Slain by an orc
             ... wielding a +0 hand axe
              (5 damage)
             ... on level 3 of the Dungeon.
             The game lasted 00:02:45 (1455 turns).

xian the Gusty (Tengu Air Elementalist)             Turns: 1455, Time: 00:02:47

Health: -1/19      AC:  3    Str:  8    XL:     3   Next: 20%
Magic:  6/7        EV: 12    Int: 17    God:
Gold:   44         SH:  0    Dex: 14    Spells: 5/6 levels left

rFire   . . .      SeeInvis .   (no weapon)
rCold   . . .      Faith    .   (no shield)
rNeg    . . .      Spirit   .   a - +0 robe
rPois   .          Reflect  .   (helmet restricted)
rElec   .          Harm     .   n - +0 cloak
rCorr   .          Rampage  .   (no gloves)
Will    .....                   (boots unavailable)
Stlth   ++........              (no amulet)
HPRegen 0.06/turn               (no ring)
MPRegen 0.10/turn               (no ring)

@: no status effects
A: beak, talons 3
a: no special abilities


You were on level 3 of the Dungeon.
You visited 1 branch of the dungeon, and saw 3 of its levels.

You collected 44 gold pieces.

Inventory:

Armour
 a - a +0 robe (worn)
 k - the +0 ring mail of the Rose {rC+ Int-4 Stlth+}
   (You found it on level 2 of the Dungeon)

   Int:       It affects your intelligence (-4).
   rC:        It protects you from cold.
   Stlth:     It makes you more stealthy.
 n - a +0 cloak (worn)
Jewellery
 j - a ring of willpower
Scrolls
 c - 3 scrolls of identify {unknown}
 e - a scroll of vulnerability {unknown}
 h - a scroll of summoning {unknown}
 i - a scroll of enchant armour {unknown}
Potions
 b - a potion of magic
 d - a potion of haste {unknown}
 f - a potion of cancellation {unknown}
 g - 2 potions of might {unknown}
 l - a potion of attraction {unknown}
 m - a potion of invisibility {unknown}


   Skills:
 + Level 2.3 Dodging
 + Level 2.1 Stealth
 + Level 0.5 Unarmed Combat
 + Level 2.3 Spellcasting
 + Level 1.8 Conjurations
 + Level 4.8 Air Magic


You had 5 spell levels left.
You knew the following spells:

 Your Spells              Type           Power      Damage    Failure   Level
a - Shock                 Conj/Air       52%        1d6       4%          1

Your spell library contained the following spells:

 Spells                   Type           Power      Damage    Failure   Level
 Static Discharge         Conj/Air       13%        3-5/arc   8%          2
 Swiftness                Air            18%        N/A       8%          3
 Airstrike                Air            9%         2d(2-18)  26%         4
 Gell's Gravitas          Tloc           1%         N/A       50%         3
 Lesser Beckoning         Tloc           1%         N/A       50%         3
 Teleport Other           Tloc           1%         N/A       50%         3


Dungeon Overview and Level Annotations

Branches:
Dungeon (3/15)

Altars:

Annotations:
D:2 Terence


Innate Abilities, Weirdness & Mutations

You have a beak for a mouth.
You have claws for feet.


Message History

The zap hits Terence.
Terence is lightly wounded.
Terence shouts!
You miscast Shock.
You are very lightly contaminated with residual magic.
Nothing appears to happen.
You miscast Shock.
Nothing appears to happen.
The adder attacks as you move away! The adder bites you.
The adder completely misses you. The adder attacks as you move away!
The adder closely misses you. The adder bites you.
You are poisoned.
The adder poisons you!
You feel sick.
You feel sick.
You feel sick. The adder barely misses you.
You feel sick.
Your magical contamination has completely faded away.
You feel sick.
You are no longer poisoned.
The adder barely misses you.
There is an escape hatch in the floor here.
The adder bites you but does no damage.
You slide downwards.
The hatch slams shut behind you.
Found a stone staircase leading up.
The helpless orc fails to defend itself.
You hit the orc but do no damage. Your kick misses the orc.
The adder misses you. The orc barely misses you.
Unknown command.
You hit the orc. Your peck misses the orc.
The orc is moderately wounded.
The adder closely misses you. The orc hits you with a +0 hand axe.
You hit the orc. Your kick misses the orc.
The orc is moderately wounded.
The adder barely misses you. The adder closely misses you.
The orc priest calls down the wrath of Beogh upon you.
Beogh smites you!
* * * LOW HITPOINT WARNING * * *
The orc hits you with a +0 hand axe.
You die... ############### ....ooS@o...<.. #.#############

You could see an orc priest, an adder and 2 orcs.

Vanquished Creatures
  A worm (D:2)
  2 dart slugs (D:1)
  2 endoplasms
  2 giant cockroaches (D:1)
  2 goblins
  3 hobgoblins
  4 ball pythons
  2 bats (D:1)
  2 kobolds
  2 rats (D:1)
22 creatures vanquished.

Notes
Turn   | Place    | Note
-------+----------+-------------------------------------------
     0 | D:1      | xian the Tengu Air Elementalist began the quest for the
                  | Orb.
     0 | D:1      | Reached XP level 1. HP: 10/10 MP: 4/4
   278 | D:1      | Reached XP level 2. HP: 15/15 MP: 0/6
  1231 | D:2      | Identified the +0 ring mail of the Rose {rC+ Int-4 Stlth+}
  1256 | D:2      | Reached XP level 3. HP: 19/19 MP: 0/7
  1433 | D:2      | Noticed Terence
  1455 | D:3      | Slain by an orc

Illustrated notes

Levels and vault maps discovered:
D:1:      minmay_arrival_five_plusses, layout_basic, grunt_decor_one_mirror,
          minmay_tetromino_s2
D:2:      layout_basic, serial_glass, glass_columns_a, glass_columns_b,
          shapermc_ecumenical_altar_flowoftime, uniq_terence, uniq_natasha,
          uniq_sigmund
D:3:      layout_rooms, mainiacjoe_overflow_cross_hatched,
          mainiacjoe_overflow_two_lobes

Action                   || total
-------------------------++-------
Melee: Unarmed           ||    37
       Kick              ||     9
       Peck              ||     4
 Cast: Shock             ||    45
 Stab: Sleeping          ||     1
Armor: Robe              ||     9
Dodge: Dodged            ||    42
